 Dungeon Crawl Stone Soup version 0.27.0-1-g7a089689b8 (webtiles) character file.

Game seed: 7311651423770289158

46428 nakriel the Severer (level 14, -1/137 HPs)
             Began as a Hill Orc Monk on Aug 1, 2021.
             Was a High Priest of Qazlal.
             Slain by a raiju (5 damage)
             ... on level 4 of the Abyss.
             The game lasted 02:24:48 (27557 turns).

nakriel the Severer (Hill Orc Monk)                Turns: 27557, Time: 02:24:52

Health: -1/137     AC: 18    Str: 33    XL:     14   Next: 37%
Magic:  14/21      EV: 14    Int: 14    God:    Qazlal [*****.]
Gold:   1688       SH:  6    Dex: 24    Spells: 13/13 levels left

rFire    . . .     SeeInvis .   O - +5 war axe "Embalmer" {vorpal, +Rage Dex+7}
rCold    + . .     Faith    +   (no shield)
rNeg     . . .     Spirit   .   w - +3 ring mail {rPois}
rPois    +         Reflect  .   e - +1 hat
rElec    .         Harm     .   q - +1 cloak
rCorr    .         Rampage  .   V - +0 pair of gloves of Parlour Games {Fly Str+4 Int+4}
Will     +....     Rnd*Rage +   l - +1 pair of boots
Stlth    +.........             T - amulet "Conwamun" {Faith rC+ Str+4 Dex+4 Stlth-}
HPRegen  0.32/turn              Y - +6 ring of strength
MPRegen  0.17/turn              F - +4 ring of slaying

@: about to teleport, flying, repel missiles
A: berserk 1, shaggy fur 1
a: Renounce Religion, Evoke Berserk Rage, Upheaval, Elemental Force, Disaster
Area


You were on level 4 of the Abyss.
You worshipped Qazlal.
Qazlal was extremely pleased with you.
You visited 4 branches of the dungeon, and saw 19 of its levels.
You visited the Abyss 1 time.
You also visited: Gauntlet.

You collected 2505 gold pieces.
You spent 817 gold pieces at shops.

Inventory:

Hand Weapons
 O - the +5 war axe "Embalmer" (weapon) {vorpal, +Rage Dex+7}
   (You bought it in a shop on level 3 of the Dungeon)

   It inflicts extra damage upon your enemies.
   Dex:       It affects your dexterity (+7).
   +Rage:     It lets you go berserk.
Missiles
 c - 508 stones
 r - a throwing net
 s - 24 boomerangs (quivered)
 t - 12 javelins
 N - 83 poisoned darts
Armour
 e - a +1 hat (worn)
 l - a +1 pair of boots (worn)
 q - a +1 cloak (worn)
 w - a +3 ring mail of poison resistance (worn)
 U - a scarf of shadows
 V - the +0 pair of gloves of Parlour Games (worn) {Fly Str+4 Int+4}
   (You bought it in a shop on level 3 of the Dungeon)

   Str:       It affects your strength (+4).
   Int:       It affects your intelligence (+4).
   Fly:       It grants you flight.
 Z - +0 acid dragon scales
Jewellery
 g - a ring of see invisible
 u - an amulet of reflection
 A - a ring of wizardry
 C - a +4 ring of evasion
 F - a +4 ring of slaying (right hand)
 M - an amulet of guardian spirit
 P - an amulet of faith
 T - the amulet "Conwamun" (around neck) {Faith rC+ Str+4 Dex+4 Stlth-}
   (You found it on level 10 of the Dungeon)

   [amulet of faith]

   It allows you to gain divine favour quickly.
   Str:       It affects your strength (+4).
   Dex:       It affects your dexterity (+4).
   rC:        It protects you from cold.
   Stlth:     It makes you less stealthy.
 W - a ring of positive energy
 Y - a +6 ring of strength (left hand)
Wands
 h - a wand of digging (4)
 j - a wand of mindburst (13)
 p - a wand of iceblast (9)
 y - a wand of flame (33)
 B - a wand of paralysis (8)
 R - a wand of polymorph (7)
Scrolls
 a - a scroll of silence
 f - a scroll of enchant weapon
 k - 4 scrolls of identify
 G - 4 scrolls of amnesia
 K - 4 scrolls of teleportation
 L - 3 scrolls of fog
 Q - a scroll of fear
 S - 2 scrolls of immolation
Potions
 b - 3 potions of lignification
 d - 2 potions of magic
 m - a potion of resistance
 n - 3 potions of curing
 v - 2 potions of attraction
 z - 3 potions of mutation
 D - 2 potions of flight
 E - a potion of ambrosia
 I - 2 potions of invisibility
 J - a potion of might
 X - a potion of cancellation
Miscellaneous
 x - a lightning rod (4/4)


   Skills:
 + Level 16.0 Fighting
 - Level 16.0 Axes
 + Level 9.6 Throwing
 - Level 10.0 Armour
 - Level 4.0 Dodging
 - Level 1.5 Stealth
 - Level 10.0 Invocations


You had 13 spell levels left.
You didn't know any spells.
Your spell library contained the following spells:

 Spells                   Type           Power      Damage    Failure   Level
 Corpse Rot               Necr/Air       N/A        N/A       50%         2
 Poisonous Vapours        Pois/Air       0%         N/A       50%         2
 Ozocubu's Armour         Ice            0%         N/A       73%         3
 Tukima's Dance           Hex            0%         N/A       73%         3
 Leda's Liquefaction      Hex/Erth       0%         N/A       98%         4
 Passage of Golubria      Tloc           N/A        N/A       98%         4
 Bolt of Magma            Conj/Fire/Erth 0%         4d4       100%        5
 Freezing Cloud           Conj/Ice/Air   0%         6-21      100%        5
 Metabolic Englaciation   Hex/Ice        0%         N/A       100%        5
 Yara's Violent Unravell  Hex/Tmut       0%         3d3       100%        5
 Simulacrum               Ice/Necr       0%         N/A       100%        6
 Statue Form              Tmut/Erth      0%         N/A       100%        6


Dungeon Overview and Level Annotations

Branches:
Dungeon (11/15)            Temple (1/1) D:7            Lair (5/6) D:9
  Swamp (0/4) Lair:3       Spider (2/4) Lair:2          Orc (0/2) D:11
Gauntlet (visited)
  Slime: Lair:5-6

Altars:
Ashenzari
Cheibriados
Dithmenos
Elyvilon
Fedhas
Gozag
Hepliaklqana
Kikubaaqudgha
Makhleb
Nemelex Xobeh
Okawaru
Qazlal
Ru
Sif Muna
Trog
Uskayaw
Vehumet
Wu Jian
Xom
Yredelemnul
Zin
The Shining One

Shops:
D:3 ((!?[   D:4 [   D:11 *

Annotations:
D:10 exclusion: 2 downstairs
Spider:2 Louise


Innate Abilities, Weirdness & Mutations

You tend to lose your temper in combat.
You are covered in fur. (AC +1)


Message History

You wobble for a moment.
Blink to where?
Press: ? - help, Dir - move target
As you read the scroll of blinking, it crumbles to dust.
You hear a bark! x3
A spatial vortex and a raiju come into view. 2 raiju come into view.
The raiju barks! x3
The spatial maelstrom is engulfed in blazing flames.
The spatial maelstrom completely misses you.
The spatial maelstrom hits you!
* * * LOW HITPOINT WARNING * * *
A spatial vortex comes into view.
You feel better.
A raiju comes into view.
A spatial vortex comes into view.
The spatial maelstrom hits you!
* * * LOW HITPOINT WARNING * * *
The spatial maelstrom hits you.
* * * LOW HITPOINT WARNING * * *
You wobble for a moment.
The guardian serpent coils itself and waves its upper body at you.
The spatial maelstrom blinks!
The raiju blinks!
The spatial vortex blinks!
The raiju blinks into view!
The raiju blinks!
A spatial vortex comes into view.
Okay, then.
Okay, then.
Nature churns violently around you!
The blast of rubble hits the spatial vortex!!
The spatial vortex is moderately damaged.
The blast of rubble hits the spatial vortex!!
The spatial vortex is severely damaged.
The blast of magma engulfs the guardian serpent!!
The guardian serpent is severely wounded.
The spatial maelstrom barely misses you.
You block the spatial maelstrom's attack.
You block the raiju's attack.
The raiju is engulfed in freezing vapours.
You block the raiju's attack. The raiju bites you.
You die...

. . . # .#. .
. #. §.#.####
# . #.#
...§#..# .#.
..##.#.... ..#
#..§...#
..#..#.hh#☼#.#
#.... #v@v...#
#§§#v.hh#.#...
##§#.§##.....
#...v#...#.##
§§.§v##.#.#§.
....≈...#...
##
§##.....#.#.##
...###v#...###
##§.#h#.§..#


You could see a spatial maelstrom, 4 spatial vortices and 4 raiju.

Vanquished Creatures
  A tentacled starspawn (Abyss:3)
  Gastronok (Lair:3)
  2 hydras
  A catoblepas (Lair:4)
  2 thrashing horrors (Abyss:4)
  A wretched star (Abyss:4)
  2 sixfirhies (Abyss:4)
  A large abomination (Abyss:4)
  Pikel (D:8)
  6 orb spiders (Spider:1)
  7 wolf spiders
  2 cyclopes (D:11)
  4 black mambas
  7 cane toads
  A gargoyle (D:11)
  4 unseen horrors
  6 demonic crawlers
  6 komodo dragons
  An ancient zyme (Abyss:4)
  3 trolls
  3 polar bears
  16 jumping spiders
  2 hornets
  Sigmund (D:3)
  A shadow (Abyss:4)
  20 redbacks
  10 tarantellas
  7 wyverns
  27 yaks
  2 vampire mosquitoes (D:10)
  A chaos spawn (Abyss:4)
  2 steam dragons (D:9)
  A small abomination (Abyss:3)
  2 neqoxecs
  4 swamp worms (Lair:1)
  2 acid dragons (D:10)
  10 water moccasins
  6 orc warriors
  A black bear (D:5)
  A hornet zombie (D:6)
  2 sky beasts
  2 ice beasts
  2 ogres
  A necrophage (D:5)
  11 wolves
  5 centaurs
  A lemure (D:8)
  2 phantoms
  A kobold brigand (D:10)
  8 bullfrogs
  5 scorpions
  2 gnoll sergeants
  A wyvern zombie (D:8)
  A water moccasin skeleton (D:5)
  6 killer bees
  3 electric eels
  A howler monkey (D:8)
  A lava snake (D:7)
  2 centaur zombies
  3 bullfrog zombies
  A jelly (D:8)
  A hound (D:5)
  3 orc priests
  A bullfrog skeleton (D:5)
  A centaur skeleton (D:6)
  4 iguanas
  6 orc wizards
  A hound skeleton (D:5)
  A howler monkey zombie (D:6)
  2 howler monkey skeletons
  9 gnolls
  6 adders
  2 white imps
  3 ufetubi
  An adder skeleton (D:4)
  3 worms
  A dart slug (D:1)
  53 orcs
  9 ball pythons
  6 endoplasms
  7 giant cockroaches
  10 goblins
  4 hobgoblins
  5 jackals
  7 bats
  2 frilled lizards
  11 kobolds
  11 rats
  A starspawn tentacle (Abyss:3)
410 creatures vanquished.

Vanquished Creatures (collateral kills)
  2 hydras
2 creatures vanquished.

Vanquished Creatures (others)
  A wolf spider (Spider:1)
  An orc (D:11)
  3 bushes (Abyss:4)
  16 fungi
  65 plants
  3 starspawn tentacles
  4 toadstools (D:9)
  5 withered plants (Gauntlet)
98 creatures vanquished.

Grand Total: 510 creatures vanquished

Notes
Turn   | Place    | Note
-------+----------+-------------------------------------------
     0 | D:1      | nakriel the Hill Orc Monk began the quest for the Orb.
     0 | D:1      | Reached XP level 1. HP: 19/19 MP: 1/1
     8 | D:1      | Noticed a centaur
   214 | D:1      | Reached XP level 2. HP: 27/27 MP: 2/2
   840 | D:1      | Reached XP level 3. HP: 31/34 MP: 3/3
  1236 | D:1      | Reached skill level 5 in Axes
  1611 | D:2      | Found a faded altar of an unknown god.
  1645 | D:2      | Reached XP level 4. HP: 41/41 MP: 4/4
  1677 | D:2      | Reached skill level 5 in Fighting
  1755 | D:1      | Identified a scroll of acquirement
  1755 | D:1      | Acquired a scarf of invisibility
  2256 | D:2      | Reached XP level 5. HP: 45/48 MP: 5/5
  2465 | D:3      | Found Romeall's Distillery.
  2480 | D:3      | Found Forred's Antique Weapon Emporium.
  2580 | D:3      | Found Umedizia's Magic Scroll Boutique.
  2684 | D:3      | Found Toati's Antique Armour Shoppe.
  2924 | D:3      | Found a sacrificial altar of Ru.
  3077 | D:3      | Found Havvelie's Antique Weapon Shop.
  3103 | D:3      | Noticed Sigmund
  3127 | D:3      | Killed Sigmund
  3128 | D:3      | Reached skill level 1 in Armour
  3128 | D:3      | Reached XP level 6. HP: 58/58 MP: 6/6
  3638 | D:4      | Reached XP level 7. HP: 50/64 MP: 7/7
  4598 | D:4      | Found Tikkargh's Antique Armour Shoppe.
  4900 | D:5      | Entered Level 5 of the Dungeon
  5200 | D:5      | Reached XP level 8. HP: 41/71 MP: 8/8
  5830 | D:5      | Found a glowing silver altar of Zin.
  5887 | D:5      | Gained mutation: You tend to lose your temper in combat.
                  | [potion of mutation]
  5887 | D:5      | Gained mutation: You are covered in fur. (AC +1) [potion of
                  | mutation]
  7877 | D:6      | Reached skill level 10 in Axes
  8515 | D:6      | Reached XP level 9. HP: 66/85 MP: 9/9
  8764 | D:6      | Reached skill level 10 in Fighting
  8895 | D:7      | Found a staircase to the Ecumenical Temple.
  8905 | Temple   | Entered the Ecumenical Temple
  9030 | Temple   | Became a worshipper of Qazlal Stormbringer
  9030 | Temple   | Reached * piety under Qazlal
  9030 | Temple   | Reached ** piety under Qazlal
  9215 | D:7      | Found an ornate altar of the Wu Jian Council.
  9223 | D:7      | Noticed a troll
  9333 | D:6      | Killed a troll
  9896 | D:7      | Found a burning altar of Makhleb.
 10286 | D:8      | Found a bloodstained altar of Trog.
 11478 | D:8      | Noticed Pikel
 11499 | D:8      | Killed Pikel
 11500 | D:8      | Reached XP level 10. HP: 81/97 MP: 10/10
 11755 | D:8      | Found a basalt altar of Yredelemnul.
 11756 | D:8      | Found a hazy altar of Hepliaklqana.
 11765 | D:8      | Noticed an unseen horror
 11770 | D:8      | Killed an unseen horror
 12758 | D:3      | Bought an iridescent war axe for 229 gold pieces
 12758 | D:3      | Identified the +5 war axe "Embalmer" {vorpal, +Rage Dex+7}
                  | (You bought it in a shop on level 3 of the Dungeon)
 13372 | D:9      | Found a staircase to the Lair.
 13861 | D:10     | Entered Level 10 of the Dungeon
 13872 | D:10     | Reached skill level 1 in Invocations
 13939 | D:10     | Identified the amulet "Conwamun" {Faith rC+ Str+4 Dex+4
                  | Stlth-}
 14228 | D:3      | Bought a pair of faintly glowing gloves for 294 gold pieces
 14228 | D:3      | Identified the +0 pair of gloves of Parlour Games {Fly
                  | Str+4 Int+4} (You bought it in a shop on level 3 of the
                  | Dungeon)
 14784 | D:10     | Noticed an unseen horror
 14805 | D:10     | Killed an unseen horror
 14806 | D:10     | Reached skill level 1 in Throwing
 15017 | D:10     | Reached XP level 11. HP: 107/107 MP: 11/13
 15022 | D:10     | Reached *** piety under Qazlal
 15774 | D:10     | Reached skill level 5 in Armour
 16075 | D:10     | Reached skill level 5 in Invocations
 16340 | D:10     | Found a blossoming altar of Fedhas.
 16345 | D:10     | Found a white marble altar of Elyvilon.
 16394 | D:11     | Reached **** piety under Qazlal
 16411 | D:11     | Found Fecehiji's Specific Store.
 16413 | D:11     | Found Buupaga's General Store.
 16428 | D:11     | Bought a scroll of identify for 28 gold pieces
 16450 | D:11     | Noticed a cyclops
 16535 | D:11     | Noticed a cyclops
 16722 | Lair:1   | Entered Level 1 of the Lair of Beasts
 16755 | Lair:1   | Noticed a six-headed hydra
 16778 | Lair:1   | Killed a six-headed hydra
 17427 | Lair:1   | Reached skill level 5 in Throwing
 17721 | Lair:1   | Noticed a six-headed hydra
 17736 | Lair:1   | Killed a six-headed hydra
 17748 | Lair:2   | Reached XP level 12. HP: 115/115 MP: 17/17
 17902 | Lair:2   | Reached ***** piety under Qazlal
 17909 | Lair:2   | Found a hole to the Spider Nest.
 18061 | Lair:2   | Found a gate leading to a gauntlet.
 18073 | Gauntlet | Entered a Gauntlet
 18073 | Gauntlet | Found a transporter.
 18084 | Gauntlet | Found a transporter.
 18098 | Gauntlet | Found a transporter.
 18102 | Gauntlet | Noticed a dire elephant
 18105 | Gauntlet | Found a transporter.
 18120 | Gauntlet | Found a transporter.
 18120 | Gauntlet | Noticed a great orb of eyes
 18139 | Gauntlet | Found a transporter.
 18151 | Gauntlet | Found a transporter.
 18159 | Gauntlet | Noticed a quicksilver ooze
 18163 | Gauntlet | Found a transporter.
 18172 | Gauntlet | Noticed a death yak
 18173 | Gauntlet | Noticed a death yak
 18174 | Gauntlet | Noticed a death yak
 18175 | Gauntlet | Found a transporter.
 18175 | Gauntlet | Noticed a death yak
 18187 | Gauntlet | Found a transporter.
 18205 | Gauntlet | Found a transporter.
 18224 | Gauntlet | Found a transporter.
 18226 | Gauntlet | Found a transporter.
 18230 | Gauntlet | Noticed an anaconda
 18267 | Gauntlet | Found a transporter.
 18269 | Gauntlet | Found a transporter.
 18271 | Gauntlet | Found a transporter.
 18964 | Lair:3   | Noticed a five-headed hydra
 19076 | Lair:3   | Noticed a four-headed hydra
 19082 | Lair:3   | Killed a four-headed hydra
 19083 | Lair:3   | Reached skill level 15 in Axes
 19271 | Lair:3   | Noticed Gastronok
 19289 | Lair:3   | Killed Gastronok
 19344 | Lair:3   | Killed an eight-headed hydra
 19520 | Lair:3   | Found a staircase to the Swamp.
 19972 | Lair:4   | Noticed a catoblepas
 20000 | Lair:4   | Killed a catoblepas
 20740 | D:4      | Bought a faintly glowing buckler for 266 gold pieces
 20740 | D:4      | Identified the +2 buckler of Faasiu {Harm Drain +Inv} (You
                  | bought it in a shop on level 4 of the Dungeon)
 21280 | Lair:1   | Acquired 1123 gold pieces
 21609 | Lair:1   | Reached XP level 13. HP: 106/124 MP: 19/19
 23766 | D:11     | Found a staircase to the Orcish Mines.
 23801 | D:11     | Noticed a fire dragon
 24323 | Spider:1 | Entered Level 1 of the Spider Nest
 24926 | Spider:1 | Reached skill level 15 in Fighting
 26097 | Spider:2 | Noticed Louise
 26519 | Spider:2 | Reached XP level 14. HP: 135/135 MP: 20/20
 27042 | Spider:2 | Reached skill level 10 in Armour
 27296 | Spider:2 | Cast into level 3 of the Abyss (Louise)
 27308 | Abyss:3  | Found a corrupted altar of Lugonu.
 27323 | Abyss:3  | Noticed a tentacled starspawn
 27331 | Abyss:3  | Killed a tentacled starspawn
 27349 | Abyss:3  | Found a corrupted altar of Lugonu.
 27350 | Abyss:3  | Noticed a lich
 27367 | Abyss:4  | Found a corrupted altar of Lugonu.
 27392 | Abyss:4  | Reached skill level 10 in Invocations
 27426 | Abyss:4  | Noticed a tentacled starspawn
 27447 | Abyss:4  | Noticed a tentacled starspawn
 27554 | Abyss:4  | HP: 5/137 [spatial maelstrom (12)]
 27557 | Abyss:4  | Slain by a raiju

Illustrated notes

Levels and vault maps discovered:
D:1:      evilmike_arrival_come_back, layout_loops_ring,
          amcnicky_mini_corridor_feature
D:2:      layout_rooms, chequers_ecumenical_altar_simple
D:3:      layout_loops_ring, nicolae_ru_great_annihilating_truth, serial_shops,
          shop, nicolae_shop_overgrown_old_shop,
          nicolae_shop_overgrown_old_shop, nicolae_shop_crystal, shop,
          uniq_sigmund
D:4:      layout_basic, minmay_shop_grid_forest
D:5:      layout_loops_ring, mainiacjoe_overflow_concentric_impassable,
          serial_bayou, serial_bayou_shore_a, serial_bayou_crossing,
          serial_bayou_pond_c, serial_bayou_pond_b
D:6:      layout_basic, due_unseen_surprise
D:7:      layout_loops_ring, lightli_temple_of_fire,
          nicolae_wu_jian_wuxing_cycle, minmay_temple_entry_statues_pillars
D:8:      layout_basic, mainiacjoe_overflow_alcove_2,
          mainiacjoe_overflow_divided_tiny, uniq_pikel
D:9:      layout_rooms, erik_lair_dragon, minmay_gold_behind_fungi
D:10:     minmay_razor_zed, layout_basic, mainiacjoe_overflow_big_doors,
          special_room [special_room_orc], chequers_garden, serial_bayou_ford_a
D:11:     layout_long_grid, david_orc_2, ebering_ghost_reflecting_pool,
          nicolae_sextant, nicolae_specific_store
Temple:   dshaligram_water_room_temple
Lair:1:   layout_cave_pods, worms_lemuel, grunt_megastairs_3
Lair:2:   layout_regular_city, nicolae_spider_entry_non_spiders,
          gauntlet_entry_generic, infiniplex_staircase_pool
Lair:3:   layout_gridlike, minmay_swamp_entry_reptiles,
          chequers_serial_rivers_small_3, lemuel_fruit_tree, uniq_gastronok
Lair:4:   layout_long_grid
Lair:5:   layout_regular_city, st_stairs_3
Spider:1: layout_spider_delve
Spider:2: layout_spider_delve, uniq_agnes, uniq_louise
Abyss:4:  base: D:7, hangedman_elemental_corridor,
          guppyfry_abyss_exit_imp_island, minivault_28,
          grunt_abyss_exit_deep_breaths,
          evilmike_nicolae_abyss_rune_betentacled_crabyss,
          evilmike_abyss_exit_15, hangedman_abyss_theft,
          nicolae_abyss_rune_left_handed

Skill      XL: |  1  2  3  4  5  6  7  8  9 10 11 12 13 14 |
---------------+-------------------------------------------+-----
Fighting       | 4 5 6 7 9 11 13 14 15 16 | 16.0
Axes           | 5 7 8 10 12 14 16 | 16.0
Armour         | 1 2 3 4 7 9 10 | 10.0
Invocations    | 2 7 8 9 10 | 10.0
Throwing       | 1 5 6 8 9 |  9.6
Dodging        | 3 4 |  4.0
Stealth        | |  1.5

Action                   |  1- 3 |  4- 6 |  7- 9 | 10-12 | 13-15 || total
-------------------------+-------+-------+-------+-------+-------++-------
Melee: Hand axe          |    89 |   161 |   203 |       |       ||   453
       Unarmed           |       |    10 |       |       |       ||    10
       War axe           |       |       |   206 |   359 |   237 ||   802
Throw: Stone             |    30 |    44 |    19 |    20 |       ||   113
       Javelin           |       |       |    10 |     4 |       ||    14
       Boomerang         |       |       |     2 |    37 |    33 ||    72
       Throwing net      |       |       |     1 |     5 |       ||     6
       Dart              |       |       |       |    28 |       ||    28
Invok: Elemental Force   |       |       |       |     2 |     1 ||     3
       Upheaval          |       |       |       |       |     1 ||     1
       Disaster Area     |       |       |       |       |     2 ||     2
Evoke: Wand              |       |       |     4 |    19 |       ||    23
  Use: Scroll            |       |     6 |     8 |    15 |     7 ||    36
       Potion            |       |     4 |     6 |       |     7 ||    17
 Stab: Paralysed         |       |     1 |       |       |       ||     1
       Distracted        |       |     1 |       |       |       ||     1
       Held in net/web   |       |       |     2 |     1 |       ||     3
Armor: Robe              |     1 |       |       |       |       ||     1
       Ring mail         |    21 |    39 |   125 |    68 |   136 ||   389
       Skin              |       |     4 |       |       |       ||     4
       Scale mail        |       |       |    27 |       |       ||    27
       Acid dragon scale |       |       |       |    21 |       ||    21
Dodge: Dodged            |    53 |    70 |   216 |   157 |   169 ||   665
       Repelled          |       |       |       |     4 |       ||     4
Block: Other             |       |       |    72 |    85 |    83 ||   240
       Reflection        |       |       |     4 |     1 |       ||     5
